 Dungeon Crawl Stone Soup version 0.31-a0-854-g362426d53f (webtiles) character file.

Game seed: 4207407964083125714

4221 DocEon the Cleaver (level 10, -1/84 HPs)
             Began as a Minotaur Berserker on Oct 8, 2023.
             Was a High Priest of Trog.
             Succumbed to a gnoll sergeant's poison
             ... on level 8 of the Dungeon.
             The game lasted 00:05:30 (7181 turns).

DocEon the Cleaver (Minotaur Berserker)             Turns: 7181, Time: 00:05:31

Health: -1/84      AC: 12    Str: 24    XL:     10   Next: 9%
Magic:  9/9        EV: 11    Int:  4    God:    Trog [*****.]
Gold:   300        SH:  0    Dex: 18    Spells: 9/9 levels left

rFire   . . .        b - +0 hand axe of Doom {speed, Dex+6}
rCold   . . .        (no shield)
rNeg    . . .        e - +1 chain mail
rPois   .            (helmet restricted)
rElec   .            (no cloak)
rCorr   .            A - +0 pair of gloves
SInv    +            (no boots)
Will    .....        y - amulet of regeneration Stlth
                     v - ring of see invisible
HPRegen 1.14/turn    (no ring)
MPRegen 0.11/turn

%: no passive effects
@: lethally poisoned (-1 -> -21), on berserk cooldown, slowed, very slow
A: horns 2, retaliatory headbutt
a: Renounce Religion, Berserk, Trog's Hand, Brothers in Arms


You were on level 8 of the Dungeon.
You worshipped Trog.
Trog was extremely pleased with you.
You visited 1 branch of the dungeon, and saw 8 of its levels.
You also visited: Sewer and Ossuary.

You collected 300 gold pieces.

Inventory:

Hand Weapons
 a - a +1 war axe
 b - the +0 hand axe of Doom (weapon) {speed, Dex+6}
   (You took it off an orc priest on level 7 of the Dungeon)

   Dex+6:     It affects your dexterity (+6).
 k - a +0 morningstar
 n - a +0 hand axe
 w - a +2 mace of protection
Armour
 e - a +1 chain mail (worn)
 A - a +0 pair of gloves (worn)
Jewellery
 v - a ring of see invisible (left hand)
 y - an amulet of regeneration (around neck)
 B - a ring of resist corrosion
Wands
 i - a wand of flame (22)
 r - a wand of mindburst (9)
 s - a wand of iceblast (3)
 z - a wand of polymorph (8)
Scrolls
 f - 3 scrolls of identify
 h - a scroll of poison
 u - a scroll of fear
 x - a scroll of enchant weapon
 C - a scroll of revelation
Potions
 c - a potion of lignification
 d - 2 potions of mutation
 g - 7 potions of curing
 j - 3 potions of enlightenment
 l - 2 potions of heal wounds
 m - a potion of experience {unknown}
 o - a potion of cancellation {unknown}
 p - a potion of haste
 q - a potion of degeneration {unknown}
 t - a potion of might {unknown}


   Skills:
 + Level 6.5 Fighting
 + Level 14.9 Axes
 + Level 5.9 Armour
 + Level 5.4 Dodging


You had 9 spell levels left.
You didn't know any spells.
Your spell library was empty.

Dungeon Overview and Level Annotations

Branches:
Dungeon (8/15)             Temple (0/1) D:7           Sewer (visited)
Ossuary (visited)
   Lair: D:8-11

Altars:
Ashenzari
Kikubaaqudgha
Nemelex Xobeh
Qazlal
Ru
Sif Muna
Uskayaw

Shops:
D:6 *


Innate Abilities, Weirdness & Mutations

You have a pair of horns on your head.
You reflexively headbutt those who attack you in melee.


Message History

You slash the orc priest!
You kill the orc priest!
Trog accepts your kill.
You hit the yak. You hit the yak. You headbutt the yak!
The yak is heavily wounded.
The yak gores you!
A yak comes into view.
A gnoll comes into view. It is wielding a +0 club.
The gnoll sergeant hits you but does no damage.
You are poisoned.
You slash the yak! You headbutt the yak!
The yak is almost dead.
You feel sick.
You feel sick.
A yak comes into view.
The yak gores you.
The gnoll sergeant hits you from afar with a +0 spear of venom.
You are more poisoned.
Items here: )) [ †.
You feel very sick. The gnoll attacks as it pursues you!
The gnoll barely misses you.
The gnoll sergeant attacks as it pursues you!
The gnoll sergeant barely misses you.
Things that are here:
a +0 short sword; a +0 leather armour; an orc corpse Your skin stops crawling.
You feel less strong-willed.
You feel very sick.
The yak bellows!
The gnoll sergeant attacks as it pursues you!
The gnoll sergeant hits you but does no damage.
You are more poisoned.
The yak gores you!
* * * LOW HITPOINT WARNING * * *
The yak misses you.
The gnoll sergeant hits you from afar with a +0 spear of venom!
* * * LOW HITPOINT WARNING * * *
You are more poisoned.
The gnoll hits you but does no damage.
You die...

,,********,,,*,*****,,,,,,**,**,*
,,* *,,,...,,,,,,,,,,*,,,,,, ***
#.,*#.#***##***,,*****,* #..*#.#
*,.,,,*,,,,,**,* #..*#.#
*.#**,*,***,**,* #..##.###.*
*,#,,,,,,,,,
#.....#..,***.#****,**,*
#.....#.#*,,...,,**,**,*
#....)#@#*,....,,**,**,*
#....YY.##.....,,**,**,*
#....Y#Y...#*,*****,**,*
*********#.##.)gg##....#* *,**,*
,,,,,,,,...#.g...#####..****,**,*
*******#####..)..#......,,,,,**,*
,* *#.g.....#.###..,,*****,*
,***** #........#.###..,,,,,,,,,
,,,,,* #........#.#####**,****,*


You could see 4 yaks, a gnoll sergeant and 3 gnolls.

Vanquished Creatures
  Amaemon (D:8)
  An orange demon (D:8)
  Grinder (Sewer)
  Sigmund (D:5)
  Duvessa (D:6)
  2 water moccasins (D:8)
  A black bear (D:6)
  A sky beast (D:7)
  4 ogres
  A centaur (D:8)
  3 phantoms
  Blork the orc (D:4)
  A kobold brigand (Sewer)
  2 bullfrogs
  2 elf zombies (Ossuary)
  2 gnoll sergeants (D:6)
  3 scorpions
  A wight (Sewer)
  Dowan (D:6)
  2 jellies
  A hound (D:5)
  3 human zombies (Ossuary)
  6 orc priests
  11 orc wizards
  3 iguanas
  2 mummies (Ossuary)
  8 gnolls (D:6)
  6 adders
  4 shadow imps
  7 ufetubi
  An adder zombie (Sewer)
  5 worms
  A dart slug (D:1)
  36 orcs
  6 ball pythons
  8 bats
  6 endoplasms
  10 giant cockroaches
  5 hobgoblins
  2 jackals (D:1)
  9 quokkas
  2 frilled lizards (D:1)
  3 goblins (D:2)
  A goblin zombie (Ossuary)
  11 hobgoblin zombies (Ossuary)
  22 kobolds
  16 kobold zombies
  6 orc zombies (Ossuary)
  3 rats
  A rat zombie (Ossuary)
237 creatures vanquished.

Notes
Turn   | Place    | Note
-------+----------+-------------------------------------------
     0 | D:1      | DocEon the Minotaur Berserker began the quest for the Orb.
     0 | D:1      | Reached XP level 1. HP: 19/19 MP: 0/0
    62 | D:1      | Reached skill level 4 in Axes
   103 | D:1      | Reached XP level 2. HP: 26/26 MP: 1/1
   282 | D:1      | Reached ** piety under Trog
   283 | D:1      | Reached skill level 5 in Axes
   302 | D:1      | Reached XP level 3. HP: 31/31 MP: 2/2
  1036 | D:2      | Found a faded altar of an unknown god.
  1664 | D:3      | Reached skill level 6 in Axes
  1664 | D:3      | Reached XP level 4. HP: 39/39 MP: 3/3
  1687 | D:3      | Found a glowing drain.
  1700 | Sewer    | Entered a sewer
  1828 | Sewer    | Reached *** piety under Trog
  1882 | Sewer    | Found an ancient bone altar of Kikubaaqudgha.
  1882 | Sewer    | Noticed a kobold brigand
  1894 | Sewer    | Killed a kobold brigand
  1895 | Sewer    | Reached skill level 7 in Axes
  1895 | Sewer    | Reached XP level 5. HP: 45/45 MP: 4/4
  1954 | Sewer    | Noticed Grinder
  1967 | Sewer    | Killed Grinder
  1968 | Sewer    | Reached skill level 9 in Axes
  1968 | Sewer    | Reached XP level 6. HP: 32/51 MP: 5/5
  2088 | Sewer    | Reached XP level 7. HP: 46/57 MP: 6/6
  2821 | D:3      | Reached skill level 10 in Axes
  3284 | D:4      | Noticed Blork the orc
  3293 | D:4      | Killed Blork the orc
  3294 | D:4      | Reached skill level 11 in Axes
  3300 | D:4      | Reached **** piety under Trog
  3695 | D:5      | Entered Level 5 of the Dungeon
  3756 | D:5      | Found a sand-covered staircase.
  3765 | Ossuary  | Entered an ossuary
  3916 | Ossuary  | Reached XP level 8. HP: 30/64 MP: 7/7
  4081 | Ossuary  | Reached skill level 12 in Axes
  4355 | D:5      | Noticed Sigmund
  4365 | D:5      | Killed Sigmund
  4575 | D:5      | Reached skill level 13 in Axes
  4597 | D:5      | Identified the orb of the Hanged Man {guile, Int+3 Dex+4}
  4751 | D:5      | Reached ***** piety under Trog
  5116 | D:6      | Reached skill level 14 in Axes
  5294 | D:6      | Reached XP level 9. HP: 24/71 MP: 8/8
  5656 | D:6      | Found Saqiokuc's Mass Market.
  5949 | D:6      | Found a sparkling altar of Nemelex Xobeh.
  5986 | D:6      | Noticed Dowan
  5987 | D:6      | Noticed Duvessa
  5997 | D:6      | Killed Duvessa
  6004 | D:6      | Killed Dowan
  6468 | D:7      | Found a staircase to the Ecumenical Temple.
  6572 | D:7      | Identified the +8 dagger of the Original Sin {vamp, *Slow
                  | Dex+4 SInv}
  6649 | D:7      | Found a shimmering blue altar of Sif Muna.
  6649 | D:7      | Found a sacrificial altar of Ru.
  6651 | D:7      | Found an ancient bone altar of Kikubaaqudgha.
  6654 | D:7      | Reached skill level 5 in Fighting
  6663 | D:7      | Found a broken altar of Ashenzari.
  6663 | D:7      | Found a stormy altar of Qazlal.
  6780 | D:7      | Found a hide-covered altar of Uskayaw.
  6860 | D:7      | Identified the +0 hand axe of Doom {speed, Dex+6}
  7132 | D:8      | Noticed an orange demon
  7137 | D:8      | Noticed Amaemon
  7150 | D:8      | Killed Amaemon
  7151 | D:8      | Reached skill level 5 in Armour
  7151 | D:8      | Reached skill level 5 in Dodging
  7155 | D:8      | Killed an orange demon
  7156 | D:8      | Reached XP level 10. HP: 84/84 MP: 9/9
  7181 | D:8      | Succumbed to a gnoll sergeant's poison

Illustrated notes

Levels and vault maps discovered:
D:1:      dpeg_arrival_erosion, layout_basic
D:2:      kennysheep_big_flooded_room, layout_loops_ring,
          chequers_ecumenical_altar_simple_redux
D:3:      layout_basic, serial_aquarium, aquarium_bridge_long_joined
          [aquarium_subvault_window, aquarium_subvault_window,
          aquarium_subvault_wall, aquarium_subvault_bridge,
          aquarium_subvault_window, aquarium_subvault_window],
          aquarium_bridge_straight [aquarium_subvault_bridge,
          aquarium_subvault_wall, aquarium_subvault_bridge,
          aquarium_subvault_wall], aquarium_window_fake, aquarium_window_1,
          aquarium_view_2e, aquarium_view_2f, aquarium_balcony_double_1,
          portal_sewer_entry_f, hex_medium
D:4:      layout_rooms, uniq_blork_the_orc
D:5:      layout_gridville, nicolae_ossuary_entry_monument,
          minmay_tree_intersection, uniq_sigmund
D:6:      layout_loops_ring, nemelex_spade_bored_becter, minmay_shop_mass,
          uniq_duvessa
D:7:      layout_basic, mainiacjoe_overflow_six_doors_small,
          grunt_temple_overflow_open, minmay_temple_entry_waves
D:8:      layout_basic, mainiacjoe_overflow_cross_hatched, enter_bailey_2,
          uniq_amaemon

Skill      XL: |  1  2  3  4  5  6  7  8  9 |
---------------+----------------------------+-----
Axes           | 4 5 6 7 9 11 14 | 14.9
Fighting       | 6 |  6.5
Armour         | 5 |  5.9
Dodging        | 5 |  5.4

Action                     |  1- 3 |  4- 6 |  7- 9 | 10-12 || total
---------------------------+-------+-------+-------+-------++-------
  Melee: Hand axe          |    94 |    92 |    33 |    17 ||   236
         Headbutt          |     7 |    13 |    69 |     2 ||    91
         Punch             |     1 |     1 |     5 |       ||     7
         War axe           |       |       |   296 |       ||   296
 Invoke: Berserk           |       |     2 |     7 |       ||     9
         Trog's Hand       |       |       |       |     1 ||     1
    Use: Scroll            |     1 |       |    16 |       ||    17
         Potion            |       |       |     1 |       ||     1
 Armour: Animal skin       |    23 |       |       |       ||    23
         Chain mail        |    23 |    69 |   221 |    17 ||   330
  Dodge: Dodged            |    51 |    63 |   117 |    17 ||   248

Table legend: (Time is in decaauts)
 A = Elapsed time spent in this place.
 B = Non-inter-level travel time spent in this place.
 C = Inter-level travel time spent in this place.
 D = Time resting spent in this place.
 E = Time spent auto-exploring this place.
 F = Levels seen in this place.
 G = Mean time per level.
                   A        B        C        D        E       F      G
               +--------+--------+--------+--------+--------+-----+--------+
         Total |   7199 |   6935 |    264 |    986 |   4753 |  10 |  719.9 |
       Dungeon |   6098 |   5834 |    264 |    688 |   4251 |   8 |  762.2 |
         Sewer |    657 |    657 |      0 |    107 |    373 |   1 |  657.0 |
       Ossuary |    442 |    442 |      0 |    189 |    128 |   1 |  442.0 |
               +--------+--------+--------+--------+--------+-----+--------+

Top non-repeatable levels by time:
     D:6: 1397 daAuts
     D:3: 1050 daAuts
     D:1: 940 daAuts
     D:5: 899 daAuts
     D:7: 679 daAuts
   Sewer: 657 daAuts
     D:2: 606 daAuts
     D:4: 479 daAuts
 Ossuary: 442 daAuts
     D:8: 46 daAuts
